 Dungeon Crawl Stone Soup version 0.25.0-10-g039870ee82 (webtiles) character file.

Game seed: 18159419945468246391

271 SlimyGoodra the Firebug (level 6, 0/45 HPs)
             Began as a Draconian Fire Elementalist on June 22, 2020.
             Was a Follower of Sif Muna.
             Killed by divine providence
             ... invoked by an orc priest
              (11 damage)
             ... on level 5 of the Dungeon.
             The game lasted 00:22:34 (4345 turns).

SlimyGoodra the Firebug (DrFE)                      Turns: 4345, Time: 00:22:35

Health: 0/45       AC:  8    Str:  9    XL:     6   Next: 2%
Magic:  4/11       EV: 12    Int: 20    God:    Sif Muna [*.....]
Gold:   238        SH:  0    Dex: 11    Spells: 8/12 levels left

rFire    . . .     SeeInvis .   m - +2 rapier "Fauff" {drain, +Rage Str-2 Int+3}
rCold    . . .     Gourm    .   (no shield)
rNeg     . . .     Faith    .   (armour unavailable)
rPois    .         Spirit   .   (helmet restricted)
rElec    .         Reflect  .   k - +1 cloak
rCorr    .         Harm     .   (no gloves)
MR       .....                  (no boots)
Stlth    ++........             (no amulet)
HPRegen  0.15/turn              (no ring)
MPRegen  0.12/turn              (no ring)

@: no status effects
A: unfitting armour, cold-blooded, AC +6
a: Channel Magic, Renounce Religion, Evoke Berserk Rage


You were on level 5 of the Dungeon.
You worshipped Sif Muna.
Sif Muna was aware of your devotion.
You were hungry.

You visited 1 branch of the dungeon, and saw 5 of its levels.

You collected 238 gold pieces.

Inventory:

Hand Weapons
 a - a +0 short sword
 h - a +1 dagger of electrocution
 m - the +2 rapier "Fauff" (weapon) {drain, +Rage Str-2 Int+3}
   (You found it on level 4 of the Dungeon)

   A truly terrible weapon, it drains the life of those it strikes.
   It affects your strength (-2).
   It affects your intelligence (+3).
   It lets you go berserk.
 p - a +2 dagger of venom
Missiles
 g - 50 poisoned darts (quivered)
Armour
 k - a +1 cloak (worn)
 l - a +0 buckler
 t - a +1 helmet
Jewellery
 q - an uncursed ring of attention
Wands
 u - a wand of polymorph (7)
Scrolls
 c - a scroll of teleportation
 i - 2 scrolls of remove curse
 j - 2 scrolls of fear
 r - 5 scrolls of identify
 s - a scroll of enchant armour
 y - 2 scrolls of fog
Potions
 b - a potion of ambrosia {unknown}
 d - a potion of stabbing {unknown}
 e - 5 potions of curing
 f - 3 potions of invisibility {unknown}
 o - 2 potions of heal wounds {unknown}
 v - 3 potions of flight {unknown}
 w - a potion of mutation {unknown}
 x - a potion of degeneration {unknown}
Comestibles
 n - 5 rations


   Skills:
 + Level 1.8 Short Blades
 + Level 2.1 Dodging
 + Level 2.2 Stealth
 * Level 3.6 Spellcasting
 * Level 2.4 Conjurations
 * Level 4.3 Fire Magic


You had 8 spell levels left.
You knew the following spells:

 Your Spells              Type           Power        Failure   Level  Hunger
a - Foxfire               Conj/Fire      ###.         3%          1    None
b - Conjure Flame         Conj/Fire      ###.....     10%         3    ###....

Your spell library contained the following spells:

 Spells                   Type           Power        Failure   Level  Hunger
 Inner Flame              Hex/Fire       ##......     16%         3    ###....
 Sticky Flame             Conj/Fire      ###.....     32%         4    ####...
 Fireball                 Conj/Fire      ###.......   67%         5    ######.


Dungeon Overview and Level Annotations

Branches:
Dungeon (5/15)
 Temple: D:4-7

Altars:
Cheibriados
Hepliaklqana
Nemelex Xobeh
Ru
Sif Muna
Trog

Shops:
D:5 *


Innate Abilities, Weirdness & Mutations

Your plain brown scales are hard. (AC +6)
You cannot fit into any form of body armour.
You are cold-blooded and may be slowed by cold attacks.


Message History

You see here 3 scrolls labeled EDGHAIMOIG.
The orc wizard casts a spell.
The orc wizard flickers and vanishes!
Deactivating autopickup; reactivate with Ctrl-A.
The hound barely misses you.
There is an escape hatch in the floor here.
An orc priest and an orc wizard come into view.
The hound barely misses you.
Found a scroll labeled DEM NIETTIR.
Found Nuhisk's Assorted Antiques. 2 orcs come into view.
The orc shouts!
The hound bites you but does no damage.
The orc moves out of view.
Found an escape hatch in the ceiling.
An orc priest comes into view. It is wielding a +0 whip.
The orc priest shouts!
You hear a shout!
The hound barely misses you.
The orc wizard shouts!
The orc shouts!
The orc priest mumbles some strange prayers to Beogh against you.
Beogh smites you!
You die...

########
#.....<#
##......#
#..o....#
#.#....@# ####
#.o.oo..# #...
#.∩o#?.h# #?..
#.......### #...
#.#.....o.# #...
#..####.# #...
#...# #.# ##...
###. #>###
##.... #
#..?#######...?.


You could see a hound, 2 orc priests, an orc wizard and 3 orcs.

Vanquished Creatures
  A howler monkey (D:4)
  A centaur skeleton (D:4)
  An iguana (D:4)
  2 worker ants (D:4)
  A hound skeleton (D:4)
  3 adders
  An ooze (D:1)
  An adder zombie (D:5)
  A dart slug (D:2)
  2 leopard geckos
  6 orcs
  6 giant cockroaches
  5 goblins
  5 hobgoblins
  6 jackals (D:3)
  3 ball pythons
  12 bats
  6 frilled lizards
  7 kobolds
  7 rats
77 creatures vanquished.

Vanquished Creatures (others)
  130 foxfires
130 creatures vanquished.

Grand Total: 207 creatures vanquished

Notes
Turn   | Place    | Note
-------+----------+-------------------------------------------
     0 | D:1      | SlimyGoodra the Draconian Fire Elementalist began the quest
                  | for the Orb.
     0 | D:1      | Reached XP level 1. HP: 14/14 MP: 3/3
   224 | D:1      | Reached XP level 2. HP: 20/20 MP: 3/5
  1460 | D:2      | Found a snail-covered altar of Cheibriados.
  1480 | D:2      | Reached XP level 3. HP: 25/26 MP: 0/6
  1698 | D:2      | Learned a level 3 spell: Conjure Flame
  2149 | D:2      | Found a faded altar of an unknown god.
  2240 | D:3      | Found a shimmering blue altar of Sif Muna.
  2241 | D:3      | Found a bloodstained altar of Trog.
  2242 | D:3      | Found a hazy altar of Hepliaklqana.
  2242 | D:3      | Found a sacrificial altar of Ru.
  2256 | D:3      | Became a worshipper of Sif Muna the Loreminder
  2685 | D:3      | Reached XP level 4. HP: 32/33 MP: 5/8
  2729 | D:3      | Found a sparkling altar of Nemelex Xobeh.
  2948 | D:3      | Found a shimmering blue altar of Sif Muna.
  3087 | D:3      | Reached * piety under Sif Muna
  3261 | D:4      | Reached skill level 4 in Fire Magic
  3560 | D:4      | Got a smoking rapier
  3561 | D:4      | Identified the +2 rapier "Fauff" {drain, +Rage Str-2 Int+3}
                  | (You found it on level 4 of the Dungeon)
  3589 | D:4      | Reached skill level 1 in Short Blades
  3589 | D:4      | Reached XP level 5. HP: 12/38 MP: 4/9
  4131 | D:4      | Reached XP level 6. HP: 45/45 MP: 5/11
  4317 | D:5      | Entered Level 5 of the Dungeon
  4340 | D:5      | Found Nuhisk's Assorted Antiques.
  4345 | D:5      | Killed from afar by an orc priest

Illustrated notes

Levels and vault maps discovered:
D:1:      dpeg_arrival_erosion, layout_basic
D:2:      layout_loops_corners, old_standard_altar,
          chequers_ecumenical_altar_simple
D:3:      layout_loops_ring, lemuel_doored_altar,
          chequers_temple_overflow_statue_of_worship, first_ration,
          lemuel_blue_sif_altar
D:4:      layout_rooms, chequers_ossuary_entry_cave
D:5:      layout_rooms, minmay_temple_entry_statues, serial_shops,
          nicolae_shop_stone, uniq_crazy_yiuf_cottage, uniq_sigmund

Skill      XL: |  1  2  3  4  5 |
---------------+----------------+-----
Stealth        | 2 |  2.2
Dodging        | 2 |  2.1
Spellcasting   | 3 |  3.6
Fire Magic     | 4 |  4.3
Short Blades   | 1 |  1.8
Conjurations   | 2 |  2.4

Action                   |  1- 3 |  4- 6 || total
-------------------------+-------+-------++-------
Melee: Short sword       |    28 |       ||    28
       Tailslap          |     8 |     7 ||    15
       Unarmed           |     1 |       ||     1
       Dagger            |    49 |    33 ||    82
       Rapier            |       |     9 ||     9
 Cast: Foxfire           |    51 |    54 ||   105
       Conjure Flame     |     4 |     2 ||     6
  Use: Scroll            |     2 |     3 ||     5
       Potion            |       |     1 ||     1
 Stab: Sleeping          |     1 |       ||     1
  Eat: Ration            |     1 |       ||     1
       Chunk             |     3 |     5 ||     8
Armor: Skin              |    23 |    27 ||    50
Dodge: Dodged            |    51 |    50 ||   101
Block: Buckler           |     7 |     6 ||    13
